 Dungeon Crawl Stone Soup version 0.18.1-50-g88ac8fd (webtiles) character file.

18183 GFox the Cleaver (level 12, 0/116 HPs)
             Began as a Deep Dwarf Fighter on Sept 27, 2016.
             Was a High Priest of Okawaru.
             Slain by alienpizza's ghost (13 damage)
             ... on level 13 of the Dungeon on Sept 28, 2016.
             The game lasted 01:57:34 (12941 turns).

GFox the Cleaver (Deep Dwarf Fighter)              Turns: 12941, Time: 01:57:35

Health: 0/116      AC: 22    Str: 24    XL:     12   Next: 25%
Magic:  1/1        EV: 12    Int:  8    God:    Okawaru [*****.]
Gold:   778        SH: 14    Dex: 16    Spells: 0 memorised, 11 levels left

rFire  + + +     SeeInvis .     m - +1 broad axe (flame)
rCold  . . .     Gourm    .     q - +4 chain mail of the Princeling {rF++ Int-5 Stlth+}
rNeg   . . .     Faith    .     c - +2 shield
rPois  .         Spirit   .     u - +2 helmet {Int+3}
rElec  .         Dismiss  +     (no cloak)
rCorr  .         Reflect  .     (no gloves)
SustAt .         Harm     .     t - +0 pair of boots
MR     +....                    i - amulet of dismissal
Stlth  +.........               s - +6 ring of dexterity
                                j - ring of stealth

@: non-regenerating, somewhat resistant to hostile enchantments, very unstealthy
A: damage resistance, recharge devices, claws 1, slimy green scales 1, clumsy 1,
fire resistance 1, sense surroundings 2, slow regeneration 3
a: Device Recharging, Heroism, Finesse, Renounce Religion


You were on level 13 of the Dungeon.
You worshipped Okawaru.
Okawaru was extremely pleased with you.
You were not hungry.

You visited 2 branches of the dungeon, and saw 14 of its levels.

You collected 778 gold pieces.

Inventory:

Hand Weapons
 a - a +1 war axe of chopping
 m - a +1 broad axe of flaming (weapon)
Armour
 c - a +2 shield (worn)
 q - the +4 chain mail of the Princeling (worn) {rF++ Int-5 Stlth+}
   (You found it on level 10 of the Dungeon)

   It affects your intelligence (-5).
   It greatly protects you from fire.
   It makes you more stealthy.
 t - a +0 pair of boots (worn)
 u - a +2 helmet of intelligence (worn)
Jewellery
 i - an amulet of dismissal (around neck)
 j - a ring of stealth (left claw)
 s - a +6 ring of dexterity (right claw)
Wands
 d - a wand of hasting (5/9)
 e - a wand of heal wounds (0/9)
 n - a wand of slowing (31/48)
 v - a wand of digging (16/24)
 x - a wand of enslavement (13/24)
 y - a wand of teleportation (5/9)
Scrolls
 g - 6 scrolls of remove curse
 h - 4 scrolls of teleportation
 o - 4 scrolls of fear
 p - 4 scrolls of magic mapping
 B - a scroll of identify
 E - a scroll of fog
 G - a scroll of blinking
Potions
 b - a potion of flight
 k - 2 potions of lignification
 l - 3 potions of curing
 r - a potion of cure mutation
 w - a potion of cancellation
 D - a potion of might
Miscellaneous
 H - a plain deck of defence {the Banshee}
Comestibles
 f - 9 bread rations
 z - 2 meat rations
 A - 2 beef jerkies
 C - a slice of pizza
 F - 6 chunks of flesh


   Skills:
 * Level 10.3 Fighting
 * Level 12.2 Axes
 + Level 9.1 Armour
 + Level 8.3 Dodging
 - Level 0.3 Stealth
 + Level 9.0 Shields
 - Level 0.3 Evocations


You had 11 spell levels left.
You didn't know any spells.

Dungeon Overview and Level Annotations

Branches:
Dungeon (13/15)            Temple (1/1) D:4            Lair (0/8) D:9
    Orc (0/2) D:11
 Vaults: D:13-14

Altars:
Ashenzari
Cheibriados
Dithmenos
Elyvilon
Fedhas
Gozag
Kikubaaqudgha
Makhleb
Nemelex Xobeh
Okawaru
Pakellas
Qazlal
Ru
Sif Muna
Trog
Vehumet
Xom
Yredelemnul
Zin
The Shining One

Annotations:
D:10 Maud
D:11 Snorg
D:13 alienpizza's ghost, journeyman DsBe


Innate Abilities, Weirdness & Mutations

You are resistant to damage.
You can recharge devices by infusing magical energy.
You passively map the area around you.
You do not regenerate naturally.
You have sharp fingernails.
You are partially covered in slimy green scales (AC +2).
You are clumsy. (Dex -2)
Your flesh is heat resistant.


Message History

Alienpizza's ghost is heavily damaged.
Alienpizza's ghost closely misses you.
You slice alienpizza's ghost!! You burn alienpizza's ghost.
Alienpizza's ghost is severely damaged.
You block alienpizza's ghost's attack.
You barely miss alienpizza's ghost.
Alienpizza's ghost is severely damaged.
You block alienpizza's ghost's attack.
You hit alienpizza's ghost. You burn alienpizza's ghost.
Alienpizza's ghost is almost destroyed.
Alienpizza's ghost closely misses you.
You hit alienpizza's ghost but do no damage.
Alienpizza's ghost is almost destroyed.
You block alienpizza's ghost's attack.
You completely miss alienpizza's ghost.
Alienpizza's ghost is almost destroyed.
Alienpizza's ghost hits you!!
* * * LOW HITPOINT WARNING * * *
You are electrocuted!
You die...

#..# #.#....#...#
#.<########.#....#...#
#...........#....'...#
#...........#[...#...#
#...........######...#
#........((..........#
#..####'##...........#
#...#.....#...........#
#...#.....#@######....######
#...#.....#W# #..........
#...#.....#.# +.......... #.
,#######.# #..######## ,
....#, #..# ,, ,....# , #..#
* , ,....#, #..# , ,,
,....#+*, #..# ,, ,
......####..#


You could see alienpizza's ghost.

Vanquished Creatures
  Josephine (D:10)
  The ghost of KarmaPolice the Spear-Bearer, a journeyman MfGl of Qazlal (D:9)
  A catoblepas (D:10)
  Erolcha (D:10)
  Pikel (D:7)
  4 hill giants
  2 cyclopes
  2 deep elf magi
  2 ugly things
  Prince Ribbit (D:7)
  An efreet (D:13)
  7 trolls
  Grinder (D:3)
  4 slime creatures (D:13)
  3 yaks (D:11)
  A wyvern (D:8)
  A hog (D:7)
  2 wraiths (D:10)
  A hippogriff (D:7)
  2 hungry ghosts
  A human (D:7)
  4 vampire mosquitoes (D:12)
  Duvessa (D:7)
  2 black bears
  5 orc warriors
  3 ice beasts
  A sky beast (D:12)
  An eye of draining (shapeshifter) (D:13)
  4 phantoms
  A wasp (D:11)
  A slave (D:7)
  7 ogres
  A centaur (D:9)
  A big kobold (D:10)
  5 giant frogs
  Dowan (D:7)
  4 killer bees (D:9)
  2 scorpions
  4 wights (D:8)
  8 howler monkeys
  2 centaur zombies
  The ghost of SlizzBen the Sneak, a weakling KoEn of Cheibriados (D:3)
  5 crimson imps
  3 jellies
  2 giant frog zombies
  3 orc priests
  3 centaur skeletons
  2 giant frog skeletons (D:11)
  A hound (D:4)
  14 orc wizards
  Jessica (D:2)
  4 iguanas
  6 worker ants
  3 sheep (D:7)
  A killer bee zombie (D:5)
  A worker ant zombie (D:5)
  Robin (D:4)
  14 adders
  5 shadow imps
  3 oozes
  An adder zombie (D:6)
  2 adder skeletons
  A worm (D:2)
  A dart slug (D:2)
  60 orcs
  7 bats
  9 giant cockroaches
  28 goblins
  9 hobgoblins
  2 jackals (D:3)
  11 kobolds
  5 quokkas
  2 ball pythons
  9 giant newts
  A jackal skeleton (D:4)
  A jackal zombie (D:7)
  8 rats
328 creatures vanquished.

Vanquished Creatures (others)
  2 slaves (D:7)
  A sky beast (D:5)
  An orc wizard (D:6)
  A worker ant (D:7)
  A goblin (D:1)
6 creatures vanquished.

Grand Total: 334 creatures vanquished

Notes
Turn   | Place    | Note
--------------------------------------------------------------
     0 | D:1      | GFox the Deep Dwarf Fighter began the quest for the Orb.
     0 | D:1      | Reached XP level 1. HP: 20/20 MP: 1/1
   167 | D:1      | Reached XP level 2. HP: 25/27 MP: 2/2
   557 | D:1      | Reached XP level 3. HP: 26/33 MP: 3/3
   920 | D:2      | Noticed Jessica
   925 | D:2      | Killed Jessica
   925 | D:2      | Reached skill level 1 in Dodging
   925 | D:2      | Reached XP level 4. HP: 42/42 MP: 4/4
   940 | D:2      | Found a sparkling altar of Nemelex Xobeh.
  1357 | D:2      | Reached skill level 3 in Axes
  1534 | D:2      | Found a blossoming altar of Fedhas.
  1698 | D:3      | Noticed SlizzBen's ghost (weakling KoEn)
  1726 | D:3      | Killed SlizzBen's ghost
  1726 | D:3      | Reached XP level 5. HP: 42/49 MP: 5/5
  2095 | D:3      | Found a shattered altar of Ashenzari.
  2253 | D:3      | Reached skill level 4 in Axes
  2335 | D:3      | Noticed an ogre
  2343 | D:3      | Killed an ogre
  2343 | D:3      | Reached XP level 6. HP: 41/57 MP: 6/6
  2593 | D:3      | Noticed Grinder
  2641 | D:3      | Killed Grinder
  2641 | D:3      | Reached XP level 7. HP: 16/64 MP: 7/7
  3267 | D:4      | Reached skill level 5 in Axes
  3289 | D:4      | Noticed Robin
  3298 | D:4      | Killed Robin
  3550 | D:4      | Found a staircase to the Ecumenical Temple.
  3608 | Temple   | Entered the Ecumenical Temple
  3699 | Temple   | Became a worshipper of Warmaster Okawaru
  3914 | D:4      | Reached skill level 5 in Armour
  3939 | D:4      | Found a shadowy altar of Dithmenos.
  4092 | D:4      | Reached skill level 5 in Shields
  4400 | D:5      | Entered Level 5 of the Dungeon
  4596 | D:5      | Found a deep blue altar of Sif Muna.
  4760 | D:5      | Reached skill level 6 in Axes
  5000 | D:5      | Reached skill level 5 in Fighting
  5009 | D:5      | Found an ancient bone altar of Kikubaaqudgha.
  5107 | D:5      | Reached XP level 8. HP: 71/74 MP: 7/7
  5296 | D:5      | Gained mutation: Your flesh is heat resistant. [mutagenic meat]
  5297 | D:5      | Gained mutation: Your system is resistant to poisons. [mutagenic meat]
  5298 | D:5      | Lost mutation: Your system is resistant to poisons. [mutagenic meat]
  5299 | D:5      | Gained mutation: Your muscles are strong. (Str +2) [mutagenic meat]
  5722 | D:6      | Reached * piety under Okawaru
  5777 | D:6      | Found a white marble altar of Elyvilon.
  6246 | D:7      | Reached skill level 7 in Axes
  6440 | D:7      | Noticed Prince Ribbit
  6482 | D:7      | Noticed Pikel
  6519 | D:7      | Killed Pikel
  6519 | D:7      | Reached ** piety under Okawaru
  6519 | D:7      | Gained mutation: You passively map the area around you. [Deep Dwarf growth]
  6519 | D:7      | Reached XP level 9. HP: 43/84 MP: 7/7
  6710 | D:7      | Reached skill level 8 in Axes
  6710 | D:7      | Reached skill level 5 in Dodging
  6761 | D:7      | Reached *** piety under Okawaru
  6842 | D:7      | Noticed a troll
  6970 | D:7      | Killed Prince Ribbit
  6980 | D:7      | Killed a troll
  6988 | D:7      | Lost mutation: Your flesh is heat resistant. [potion of cure mutation]
  6988 | D:7      | Lost mutation: Your muscles are strong. (Str +2) [potion of cure mutation]
  7186 | D:7      | Noticed Duvessa
  7188 | D:7      | Noticed Dowan
  7198 | D:7      | Killed Duvessa
  7203 | D:7      | Killed Dowan
  7241 | D:7      | Found a bloodstained altar of Trog.
  7387 | D:8      | Gained mutation: You are partially covered in slimy green scales (AC +2). [potion of beneficial mutation]
  7468 | D:8      | Found a shimmering altar of Xom.
  7473 | D:8      | Noticed an angel
  7475 | D:8      | Found a glowing silver altar of Zin.
  7483 | D:8      | Reached XP level 10. HP: 76/94 MP: 5/5
  7636 | D:8      | Reached **** piety under Okawaru
  7636 | D:8      | Reached skill level 9 in Axes
  7695 | D:8      | Found a sacrificial altar of Ru.
  8703 | D:9      | Found an opulent altar of Gozag.
  8704 | D:9      | Found an oddly glowing altar of Pakellas.
  9329 | D:9      | Noticed KarmaPolice's ghost (journeyman MfGl)
  9407 | D:9      | Found a staircase to the Lair.
  9473 | D:9      | Killed KarmaPolice's ghost
  9473 | D:9      | Reached ***** piety under Okawaru
  9618 | D:10     | Entered Level 10 of the Dungeon
  9684 | D:10     | Noticed a catoblepas
  9702 | D:10     | Gained mutation: You have sharp fingernails. [potion of mutation]
  9746 | D:10     | Received a gift from Okawaru
  9751 | D:10     | Got a scorched hat {god gift}
  9762 | D:10     | Identified the -2 hat of Ladders and Snakes {rCorr} (Okawaru gifted it to you on level 10 of the Dungeon)
  9783 | D:10     | Noticed Erolcha
  9789 | D:10     | Reached skill level 10 in Axes
  9810 | D:10     | Killed Erolcha
  9924 | D:10     | Noticed Josephine
  9935 | D:10     | Killed Josephine
  9935 | D:10     | Reached XP level 11. HP: 58/104 MP: 5/5
 10011 | D:10     | Noticed a hill giant
 10025 | D:10     | Killed a hill giant
 10067 | D:10     | Killed a catoblepas
 10111 | D:10     | Noticed Maud
 10430 | D:10     | Got a warped chain mail
 10432 | D:10     | Identified the +4 chain mail of the Princeling {rF++ Int-5 Stlth+} (You found it on level 10 of the Dungeon)
 10607 | D:11     | Noticed a hill giant
 10614 | D:11     | Killed a hill giant
 11045 | D:11     | Found a staircase to the Orcish Mines.
 11183 | D:11     | Noticed a green ugly thing
 11195 | D:11     | Killed a green ugly thing
 11195 | D:11     | Reached skill level 11 in Axes
 11416 | D:11     | Noticed Snorg
 11545 | D:11     | Noticed a hill giant
 11557 | D:11     | Killed a hill giant
 11817 | D:12     | Noticed a hill giant
 11831 | D:12     | Killed a hill giant
 11831 | D:12     | Received a gift from Okawaru
 12011 | D:12     | Noticed a white ugly thing
 12210 | D:12     | Noticed a deep elf mage
 12216 | D:12     | Killed a deep elf mage
 12320 | D:12     | Killed a white ugly thing
 12512 | D:12     | Reached XP level 12. HP: 105/116 MP: 1/1
 12624 | D:13     | Reached skill level 10 in Fighting
 12654 | D:13     | Gained mutation: You are clumsy. (Dex -2) [mutagenic meat]
 12655 | D:13     | Gained mutation: Your flesh is heat resistant. [mutagenic meat]
 12695 | D:13     | Reached skill level 12 in Axes
 12738 | D:13     | Noticed a four-headed hydra
 12886 | D:13     | Found a sparkling altar of Nemelex Xobeh.
 12917 | D:13     | Noticed alienpizza's ghost (journeyman DsBe)
 12941 | D:13     | Slain by alienpizza's ghost

Skill      XL: |  1  2  3  4  5  6  7  8  9 10 11 12 |
---------------+-------------------------------------+-----
Fighting       | 3 4 5 6 7 8 9 10 | 10.3
Armour         | 4 5 6 7 8 9 |  9.1
Dodging        | 1 2 3 4 5 7 8 |  8.3
Axes           | 3 4 6 7 8 10 11 12 | 12.2
Shields        | 4 5 6 7 8 9 |  9.0
Stealth        | |  0.3
Evocations     | |  0.3

Action                   |  1- 3 |  4- 6 |  7- 9 | 10-12 || total
-------------------------+-------+-------+-------+-------++-------
Melee: War axe           |   112 |   178 |   547 |   463 ||  1300
       Broad axe         |       |       |       |   129 ||   129
 Abil: Device Recharging |       |       |     5 |     6 ||    11
Evoke: Wand              |     1 |     3 |    17 |    35 ||    56
  Use: Scroll            |       |       |    15 |     9 ||    24
       Potion            |       |       |     6 |     9 ||    15
  Eat: Chunk             |       |     5 |    15 |    16 ||    36
       Pizza             |       |     1 |       |     8 ||     9
       Fruit             |       |       |     6 |       ||     6
Armor: Scale mail        |    52 |    70 |   198 |    85 ||   405
       Chain mail        |       |       |       |   115 ||   115
Dodge: Dodged            |    34 |    45 |   199 |   224 ||   502
Block: Shield            |    54 |    94 |   360 |   400 ||   908
